 Dungeon Crawl Stone Soup version 0.28-a0-413-gde365fb1df (webtiles) character file.

Game seed: 376486097468978721

33 Goblin1989 the Chopper (level 3, -2/29 HPs)
             Began as a Demonspawn Cinder Acolyte on Sept 7, 2021.
             Was a High Priest of Ignis.
             Slain by an iguana (3 damage)
             ... on level 2 of the Dungeon.
             The game lasted 00:01:54 (1759 turns).

Goblin1989 the Chopper (Demonspawn Cinder Acolyte)  Turns: 1759, Time: 00:01:54

Health: -2/29      AC:  2    Str: 15    XL:     3   Next: 12%
Magic:  4/4        EV: 11    Int: 15    God:    Ignis [*****.]
Gold:   55         SH:  0    Dex:  8    Spells: 4/4 levels left

rFire   + . .      SeeInvis .   b - +0 war axe
rCold   . . .      Faith    .   (no shield)
rNeg    . . .      Spirit   .   e - +0 robe
rPois   .          Reflect  .   (no helmet)
rElec   .          Harm     .   (no cloak)
rCorr   .          Rampage  .   (no gloves)
Will    .....                   (no boots)
Stlth   +.........              (no amulet)
HPRegen 0.09/turn               (no ring)
MPRegen 0.18/turn               (no ring)

@: no status effects
A: magic regeneration
a: Renounce Religion, Sea of Fire, Foxfire Swarm, Rising Flame


You were on level 2 of the Dungeon.
You worshipped Ignis.
Ignis was extremely pleased with you.
You visited 1 branch of the dungeon, and saw 2 of its levels.

You collected 55 gold pieces.

Inventory:

Hand Weapons
 a - a -1 hand axe of flaming
 b - a +0 war axe (weapon)
Armour
 e - a +0 robe (worn)
Scrolls
 c - a scroll of fog {unknown}
 d - a scroll of identify {unknown}
 f - a scroll of teleportation {unknown}
Potions
 g - a potion of invisibility {unknown}


   Skills:
 - Level 3.0 Fighting
 + Level 3.9 Axes
 - Level 1.0 Spellcasting
 - Level 2.6 Fire Magic


You had 4 spell levels left.
You didn't know any spells.
Your spell library contained the following spells:

 Spells                   Type           Power      Damage    Failure   Level
 Scorch                   Fire           16%        2d6       12%         2
 Ensorcelled Hibernation  Hex/Ice        0%         N/A       36%         2
 Spider Form              Tmut/Pois      0%         N/A       58%         3
 Summon Ice Beast         Ice/Summ       0%         N/A       94%         4
 Summon Mana Viper        Hex/Summ       0%         N/A       100%        5
 Monstrous Menagerie      Summ           0%         N/A       100%        7


Dungeon Overview and Level Annotations

Branches:
Dungeon (2/15)

Altars:


Innate Abilities, Weirdness & Mutations

You regenerate magic rapidly.


Message History

No target in view!
No target in view!
No target in view!
No target in view!
No target in view!
No target in view!
No target in view!
No target in view!
An endoplasm comes into view.
Found a scroll labelled KUAXKA QAECWOH.
The endoplasm quivers.
Health restored: 29
Found a stone staircase leading down.
The endoplasm freezes you.
You are frozen.
You take 3 damage, and have 26/29 hp.
You hit the endoplasm.
The endoplasm is heavily wounded.
The endoplasm hits you. x2
You take 2 damage, and have 24/29 hp.
You slash the endoplasm!
You kill the endoplasm!
No target in view!
No target in view!
No target in view!
No target in view!
No target in view!
No target in view!
No target in view!
No target in view!
No target in view!
No target in view!
No target in view!
No target in view!
No target in view!
No target in view!
f - a scroll labelled KUAXKA QAECWOH Health restored: 29 You pick up a book of Dreams and begin reading...
You add the spells Ensorcelled Hibernation and Spider Form to your library.
g - a lumpy emerald potion
Okay, then.
Unknown command.
Found 29 stones.
Found a stone staircase leading down.
Found a robe.
Found a stone staircase leading up.
An iguana comes into view.
Found a scroll labelled TIDAEL TOEBLU.
The iguana hisses angrily.
Found a fuming cyan potion.
The iguana bites you.
You take 5 damage, and have 24/29 hp.
You closely miss the iguana. The iguana bites you!
* * * LOW HITPOINT WARNING * * *
You are too injured to fight recklessly!
You take 12 damage, and have 12/29 hp.
MASSIVE DAMAGE!!
You are too injured to fight recklessly!
You are too injured to fight recklessly!
You are too injured to fight recklessly!
You are too injured to fight recklessly!
You are too injured to fight recklessly!
You are too injured to fight recklessly!
You are too injured to fight recklessly!
You are too injured to fight recklessly!
You are too injured to fight recklessly!
You are too injured to fight recklessly!
You are too injured to fight recklessly!
You are too injured to fight recklessly!
You are too injured to fight recklessly!
You are too injured to fight recklessly!
You are too injured to fight recklessly!
You are too injured to fight recklessly!
You are too injured to fight recklessly!
The iguana bites you.
* * * LOW HITPOINT WARNING * * *
You take 6 damage, and have 6/29 hp.
MASSIVE DAMAGE!!
Unknown command.
You barely miss the iguana. The iguana bites you.
* * * LOW HITPOINT WARNING * * *
You take 6 damage, and have 1/29 hp.
MASSIVE DAMAGE!!
You see here a +0 robe.
You hit the iguana.
The iguana is lightly wounded.
The iguana closely misses you.
You slash the iguana!
The iguana is severely wounded.
The iguana bites you.
* * * LOW HITPOINT WARNING * * *
The iguana barely misses you.
You take 1 damage, and have 1/29 hp.
You closely miss the iguana.
The iguana is severely wounded.
The iguana bites you.
* * * LOW HITPOINT WARNING * * *
You take 1 damage, and have 1/29 hp.
You closely miss the iguana.
The iguana is severely wounded.
The iguana bites you.
You die... ███ ..██████████ █████████████ ...........█████...........█ █.................████████.███ █.█.██████.█████.............█ ..█.█ █.█ █.███████.....█ ███.█ █.█ █.█ █.....█ █ █.█ █.█ █l█

█...>.█ █
█.██████.███
█@█ █.....█ █
█..........█
█.█ █.█.███ █
████████.█.█
█.█ █[█.█
█.█.███.█
█.█.█
█.█.....█
█.█.█
█.███████
████.█.██████
█.█
█.<..........
█(█
█.██.........
█.█ █
███████.██


You could see an iguana.

Vanquished Creatures
  A dart slug (D:1)
  4 ball pythons (D:1)
  2 endoplasms
  3 giant cockroaches (D:1)
  4 hobgoblins
  2 quokkas (D:1)
  2 bats
  A frilled lizard (D:1)
  6 kobolds (D:1)
  2 rats (D:1)
27 creatures vanquished.

Notes
Turn   | Place    | Note
-------+----------+-------------------------------------------
     0 | D:1      | Goblin1989 the Demonspawn Cinder Acolyte began the quest
                  | for the Orb.
     0 | D:1      | Reached XP level 1. HP: 18/18 MP: 2/2
   451 | D:1      | Gained mutation: You regenerate magic rapidly. [demonic
                  | ancestry]
   451 | D:1      | Reached XP level 2. HP: 17/24 MP: 3/3
  1162 | D:1      | Reached XP level 3. HP: 25/29 MP: 4/4
  1731 | D:2      | HP: 1/29 [iguana (6)]
  1742 | D:2      | HP: 1/29 [iguana (1)]
  1750 | D:2      | HP: 1/29 [iguana (1)]
  1759 | D:2      | Slain by an iguana

Illustrated notes

Levels and vault maps discovered:
D:1:      dpeg_cavernosity, layout_basic, st_stairs_11
D:2:      layout_loops_ring, serial_glass, glass_columns_b, glass_columns_b

Skill      XL: |  1 |
---------------+----+-----
Axes           | 3 |  3.9
Fighting       | |  3.0
Spellcasting   | |  1.0
Fire Magic     | |  2.6

Action                   || total
-------------------------++-------
Melee: Hand axe          ||    38
       War axe           ||    37
 Stab: Sleeping          ||     1
Armor: Robe              ||     9
Dodge: Dodged            ||    54

Table legend: (Time is in decaauts)
 A = Elapsed time spent in this place.
 B = Non-inter-level travel time spent in this place.
 C = Inter-level travel time spent in this place.
 D = Time resting spent in this place.
 E = Time spent auto-exploring this place.
 F = Levels seen in this place.
 G = Mean time per level.
                   A        B        C        D        E       F      G
               +--------+--------+--------+--------+--------+-----+--------+
         Total |   1775 |   1770 |      5 |      0 |   1558 |   2 |  887.5 |
       Dungeon |   1775 |   1770 |      5 |      0 |   1558 |   2 |  887.5 |
               +--------+--------+--------+--------+--------+-----+--------+

Top non-repeatable levels by time:
     D:1: 1553 daAuts
     D:2: 221 daAuts
